 Dungeon Crawl Stone Soup version 0.22-b1-59-g0aedee734a (webtiles) character file.

14354 Pisosu the Severer (level 11, -1/102 HPs)
             Began as a Minotaur Berserker on Aug 10, 2018.
             Was the Champion of Trog.
             Slain by an orc warrior
             ... wielding a +0 halberd
              (13 damage)
             ... on level 1 of the Orcish Mines.
             The game lasted 00:37:02 (10821 turns).

Pisosu the Severer (Minotaur Berserker)            Turns: 10821, Time: 00:37:02

Health: -1/102     AC: 22    Str: 25    XL:     11   Next: 87%
Magic:  3/3        EV:  8    Int:  4    God:    Trog [******]
Gold:   953        SH:  0    Dex: 10    Spells: 10/10 levels left

rFire    + . .     SeeInvis .   J - +5 battleaxe (antimagic)
rCold    . . .     Gourm    .   (shield currently unavailable)
rNeg     . . .     Faith    .   N - +0 plate armour {rF+}
rPois    .         Spirit   .   (helmet restricted)
rElec    .         Reflect  .   (no cloak)
rCorr    .         Harm     .   n - +0 pair of gloves
MR       .....                  q - +0 pair of boots
Stlth    ..........             r - amulet of the acrobat
HPRegen  0.27/turn              m - +4 ring of protection
MPRegen  0.08/turn              (no ring)

@: no status effects
A: retaliatory headbutt, horns 2
a: Berserk, Trog's Hand, Brothers in Arms, Renounce Religion


You were on level 1 of the Orcish Mines.
You worshipped Trog.
Trog was exalted by your worship.
You were not hungry.

You visited 2 branches of the dungeon, and saw 13 of its levels.

You collected 953 gold pieces.

Inventory:

Hand Weapons
 p - a +4 antimagic halberd
 G - the cursed +13 scythe of Curses {drain, *Curse}
   (You took it off a deep elf mage on level 7 of the Dungeon)

   A truly terrible weapon, it drains the life of those it strikes.
   It curses itself when equipped.
   It has a curse placed upon it.
 H - the +9 staff of Wucad Mu {channel}
   (You found it on level 7 of the Dungeon)
 J - a +5 antimagic battleaxe (weapon)
 L - a +2 war axe of flaming
 O - a +0 hand crossbow
Missiles
 s - 22 tomahawks (quivered)
 w - 37 poisoned needles
 x - 43 bolts
 y - 3 needles of confusion
Armour
 n - a +0 pair of gloves (worn)
 q - a +0 pair of boots (worn)
 I - a +2 buckler
 N - a +0 plate armour of fire resistance (worn)
Jewellery
 m - a +4 ring of protection (left hand)
 r - an amulet of the acrobat (around neck)
Wands
 a - a wand of disintegration (24)
 F - a wand of scattershot (6)
 P - a wand of paralysis (14)
Scrolls
 e - 10 scrolls of teleportation
 f - 3 scrolls of enchant weapon
 h - a scroll of vulnerability
 k - 3 scrolls of fog
 t - 2 scrolls of enchant armour
 u - 3 scrolls of remove curse
 z - a scroll of fear {unknown}
 A - 2 scrolls of blinking {unknown}
 D - 3 scrolls of magic mapping
Potions
 b - 2 potions of might {unknown}
 d - 2 potions of flight {unknown}
 i - 3 potions of curing
 j - 2 potions of mutation {unknown}
 l - a potion of agility {unknown}
 o - 2 potions of haste {unknown}
 v - 5 potions of brilliance
 C - a potion of invisibility {unknown}
 E - 2 potions of heal wounds {unknown}
 K - 2 potions of degeneration {unknown}
 M - a potion of magic {unknown}
Miscellaneous
 Q - a sack of spiders
Comestibles
 c - 19 rations
 g - 4 chunks of flesh


   Skills:
 + Level 11.2 Fighting
 + Level 16.0 Axes
 + Level 11.4 Armour
 - Level 2.1 Dodging
 + Level 3.8 Shields


You had 10 spell levels left.
You didn't know any spells.
Your spell library was empty.

Dungeon Overview and Level Annotations

Branches:
Dungeon (11/15)            Temple (0/1) D:6            Lair (0/6) D:11
    Orc (2/2) D:11
    Elf: Orc:2

Altars:
Ashenzari
Dithmenos
Trog
Uskayaw
Vehumet
Xom
Zin

Shops:
D:6 [   D:7 *


Innate Abilities, Weirdness & Mutations

You reflexively headbutt those who attack you in melee.
You have a pair of horns on your head.


Message History

You slash the orc knight!
You headbutt the orc knight, but do no damage.
The orc knight is severely wounded.
You slash the orc warrior!
The orc warrior hits you but does no damage.
The orc knight closely misses you.
You hit the orc knight but do no damage.
The orc knight is severely wounded.
You hit the orc warrior but do no damage.
You slice the orc knight!!
You kill the orc knight!
Trog accepts your kill.
Your Axes skill increases to level 16!
You slash the orc warrior!
The orc warrior hits you with a halberd!
* * * LOW HITPOINT WARNING * * *
You hit the orc warrior.
The orc warrior is almost dead.
The orc warrior hits you with a halberd!
You die...

#####...................#.##
##.#........................#
#..............#....[[#..#.##
##..............#...)......##
#...............#.[.........#
##.........................##
##..##......................#
#...###...#...o.....#......##
##.#..##.......@[..........#
##.............).......#.##
##..................#.###
###...#...............##
#####............#.#.##
#..................#
##.#..............##
###........##...##
##...#...##..##


You could see an orc warrior.

Vanquished Creatures
  A hydra (D:11)
  A two-headed ogre (D:10)
  Erica (D:9)
  An orc knight (Orc:1)
  An orc sorcerer (Orc:2)
  A deep elf mage (D:7)
  Psyche (D:8)
  5 trolls
  A polar bear (D:11)
  A hippogriff (D:7)
  A centaur simulacrum (D:11)
  A shadow (D:11)
  2 wraiths (D:11)
  A wyvern (D:8)
  5 yaks (D:10)
  3 hungry ghosts
  A human (D:9)
  A basilisk (D:7)
  Menkaure (D:4)
  A vampire mosquito (D:7)
  A soldier ant (D:11)
  2 water moccasins
  4 black bears
  9 orc warriors
  A sky beast (D:11)
  3 ice beasts
  2 necrophages (D:7)
  5 phantoms
  12 ogres
  3 centaurs
  A crocodile (D:7)
  A big kobold (D:10)
  9 bullfrogs
  3 scorpions
  3 killer bees (D:11)
  4 wights
  4 howler monkeys
  An electric eel (D:11)
  7 crimson imps
  3 bullfrog zombies
  7 hounds
  2 quasits (D:7)
  2 bullfrog skeletons
  3 orc priests (Orc:1)
  A centaur skeleton (D:9)
  4 iguanas
  13 orc wizards
  8 worker ants
  A hound zombie (D:7)
  A hound skeleton (D:7)
  A howler monkey zombie (D:7)
  2 worker ant zombies
  2 howler monkey skeletons (D:7)
  12 adders
  6 shadow imps
  2 white imps (D:11)
  2 ufetubi (D:11)
  An ooze (D:5)
  4 adder zombies
  An adder skeleton (D:5)
  5 worms
  4 dart slugs
  3 leopard geckos
  71 orcs
  10 bats
  6 giant cockroaches
  7 goblins
  12 hobgoblins
  16 jackals
  7 quokkas
  2 ball pythons
  2 frilled lizards
  15 kobolds
  A quokka zombie (D:8)
  8 rats
353 creatures vanquished.

Notes
Turn   | Place    | Note
-------+----------+-------------------------------------------
     0 | D:1      | Pisosu the Minotaur Berserker began the quest for the Orb.
     0 | D:1      | Reached XP level 1. HP: 19/19 MP: 0/0
   110 | D:1      | Reached XP level 2. HP: 15/27 MP: 1/1
   117 | D:1      | Reached skill level 4 in Axes
   314 | D:1      | Reached XP level 3. HP: 34/34 MP: 2/2
   359 | D:1      | Reached ** piety under Trog
   960 | D:2      | Reached XP level 4. HP: 40/41 MP: 3/3
  1046 | D:2      | Found a hide-covered altar of Uskayaw.
  1055 | D:2      | Reached skill level 5 in Axes
  1676 | D:3      | Reached *** piety under Trog
  1793 | D:3      | Found a shimmering altar of Xom.
  1801 | D:3      | Reached XP level 5. HP: 47/47 MP: 4/4
  1958 | D:3      | Reached skill level 6 in Axes
  2089 | D:3      | Reached skill level 5 in Fighting
  2367 | D:3      | Found a bloodstained altar of Trog.
  2451 | D:4      | Reached XP level 6. HP: 56/56 MP: 5/5
  2712 | D:4      | Reached skill level 7 in Axes
  2771 | D:4      | Noticed Menkaure
  2780 | D:4      | Killed Menkaure
  3256 | D:5      | Entered Level 5 of the Dungeon
  3287 | D:5      | Reached XP level 7. HP: 60/61 MP: 6/6
  3414 | D:5      | Reached **** piety under Trog
  3414 | D:5      | Reached skill level 8 in Axes
  3414 | D:5      | Reached skill level 5 in Armour
  3490 | D:5      | Found a shattered altar of Ashenzari.
  4145 | D:6      | Reached skill level 9 in Axes
  4160 | D:6      | Received a gift from Trog
  4160 | D:6      | Reached XP level 8. HP: 70/70 MP: 7/7
  4328 | D:6      | Found Vinwuq's Antique Armour Shoppe.
  4370 | D:6      | Found a staircase to the Ecumenical Temple.
  4668 | D:7      | Reached skill level 10 in Axes
  4683 | D:7      | Reached skill level 1 in Shields
  4878 | D:7      | Reached XP level 9. HP: 74/79 MP: 8/8
  4917 | D:7      | Found a glowing silver altar of Zin.
  5064 | D:7      | Found Agiotipe's Island Escapes.
  5328 | D:7      | Reached skill level 11 in Axes
  5403 | D:7      | Found a runed door.
  5403 | D:7      | Found a runed door.
  5406 | D:7      | Found a runed door.
  5701 | D:7      | Reached skill level 12 in Axes
  5707 | D:7      | Noticed a deep elf mage
  5713 | D:7      | Killed a deep elf mage
  5728 | D:7      | Found the +9 staff of Wucad Mu {channel}
  5730 | D:7      | Identified the Almanac of Unholy Curses
  6050 | D:8      | Noticed Psyche
  6060 | D:8      | Killed Psyche
  6060 | D:8      | Reached XP level 10. HP: 88/90 MP: 9/9
  6216 | D:8      | Reached ***** piety under Trog
  6216 | D:8      | Reached skill level 13 in Axes
  6630 | D:8      | Found a shadowy altar of Dithmenos.
  7489 | D:9      | Found a radiant altar of Vehumet.
  7510 | D:9      | Noticed Erica
  7526 | D:9      | Killed Erica
  7526 | D:9      | Reached skill level 10 in Armour
  7575 | D:9      | Reached skill level 14 in Axes
  8028 | D:10     | Entered Level 10 of the Dungeon
  8159 | D:10     | Received a gift from Trog
  8264 | D:10     | Reached skill level 10 in Fighting
  8264 | D:10     | Reached XP level 11. HP: 81/99 MP: 3/10
  8359 | D:10     | Noticed a two-headed ogre
  8365 | D:10     | Killed a two-headed ogre
  9260 | D:11     | Reached skill level 15 in Axes
  9393 | D:11     | Found a staircase to the Orcish Mines.
  9785 | D:11     | Found a staircase to the Lair.
  9843 | D:11     | Noticed an eight-headed hydra
  9852 | D:11     | Killed a six-headed hydra
 10301 | Orc:1    | Entered Level 1 of the Orcish Mines
 10480 | Orc:2    | Entered Level 2 of the Orcish Mines
 10681 | Orc:2    | Noticed an orc sorcerer
 10700 | Orc:2    | Killed an orc sorcerer
 10700 | Orc:2    | Reached ****** piety under Trog
 10733 | Orc:2    | Received a gift from Trog
 10755 | Orc:2    | Noticed an orc knight
 10756 | Orc:2    | Noticed an orc knight
 10765 | Orc:2    | Noticed an orc knight
 10820 | Orc:1    | Killed an orc knight
 10820 | Orc:1    | Reached skill level 16 in Axes
 10821 | Orc:1    | Slain by an orc warrior

Skill      XL: |  1  2  3  4  5  6  7  8  9 10 11 |
---------------+----------------------------------+-----
Fighting       | 4 5 6 7 8 10 11 | 11.2
Axes           | 4 5 6 7 9 10 12 14 16 | 16.0
Armour         | 3 4 6 7 8 10 11 | 11.4
Shields        | 1 2 3 |  3.8
Dodging        | |  2.1

Action                   |  1- 3 |  4- 6 |  7- 9 | 10-12 || total
-------------------------+-------+-------+-------+-------++-------
Melee: Hand axe          |    79 |   146 |    74 |   131 ||   430
       Headbutt          |    14 |    31 |    67 |    85 ||   197
       War axe           |       |       |   199 |   102 ||   301
       Battleaxe         |       |       |       |   182 ||   182
Throw: Tomahawk          |       |       |       |     5 ||     5
Invok: Berserk           |       |     1 |       |     1 ||     2
  Use: Scroll            |       |       |    11 |     3 ||    14
  Eat: Chunk             |       |     5 |    10 |    19 ||    34
       Ration            |       |     1 |     2 |       ||     3
Armor: Ring mail         |    27 |       |       |       ||    27
       Animal skin       |     1 |       |       |       ||     1
       Plate armour      |     7 |    77 |   169 |   177 ||   430
Dodge: Dodged            |    48 |    62 |   133 |   193 ||   436
Block: Buckler           |       |       |    24 |    32 ||    56
